 Seeded DCSS version 0.28-a0-1117-g0bdd5ba030 (webtiles) character file.

Game seed: 16008875487339432128 (custom seed)

44 croobank the Conjurer (level 3, 0/21 HPs)
             Began as an Octopode Conjurer on Dec 11, 2021.
             Was an Initiate of Yredelemnul.
             Slain by an adder (5 damage)
             ... on level 2 of the Dungeon.
             The game lasted 00:05:36 (1765 turns).

croobank the Conjurer (Octopode Conjurer)           Turns: 1765, Time: 00:05:38

Health: 0/21       AC:  1    Str:  8    XL:     3   Next: 60%
Magic:  6/6        EV: 13    Int: 26    God:    Yredelemnul [......]
Gold:   42         SH:  5    Dex: 10    Spells: 1/7 levels left

rFire   . . .      SeeInvis +   b - staff of conjuration
rCold   . . .      Faith    .   (no shield)
rNeg    . . .      Spirit   .   (helmet restricted)
rPois   .          Reflect  +   e - amulet of reflection
rElec   .          Harm     .   a - ring of see invisible
rCorr   .          Rampage  .   d - +6 ring of intelligence
Will    .....                   (no ring)
Stlth   +++.......              (no ring)
HPRegen 0.07/turn               (no ring)
MPRegen 0.10/turn               (no ring)
                                (no ring)
                                (no ring)

@: no status effects
A: almost no armour, amphibious, 8 rings, camouflage 1, gelatinous body 1,
(nimble swimmer 1), tentacles
a: Renounce Religion, Recall Undead Harvest


You were on level 2 of the Dungeon.
You worshipped Yredelemnul.
Yredelemnul was noncommittal.
You visited 1 branch of the dungeon, and saw 2 of its levels.

You collected 42 gold pieces.

Inventory:

Missiles
 f - 39 stones
 g - 23 sling bullets
Magical Staves
 b - a staff of conjuration (weapon)
Jewellery
 a - a ring of see invisible (left tentacle)
 d - a +6 ring of intelligence (right tentacle)
 e - an amulet of reflection (around mantle)
Scrolls
 c - 2 scrolls of identify {identify, unknown}
 h - a scroll of blinking {blink, unknown}
Potions
 i - a potion of curing {curing, unknown}
 j - a potion of heal wounds {heal wounds, unknown}


   Skills:
 + Level 2.5 Dodging
 + Level 3.5 Stealth
 + Level 2.5 Spellcasting
 + Level 4.3 Conjurations


You had one spell level left.
You knew the following spells:

 Your Spells              Type           Power      Damage    Failure   Level
a - Magic Dart            Conj           100%       1d8       1%          1
b - Searing Ray           Conj           76%        2d7       2%          2
c - Dazzling Flash        Conj/Hex       42%        N/A       12%         3

Your spell library contained the following spells:

 Spells                   Type           Power      Damage    Failure   Level
 Sandblast                Erth           6%         2d5       10%         1
 Stone Arrow              Conj/Erth      42%        3d9       12%         3
 Passwall                 Tmut/Erth      2%         N/A       16%         2
 Fulminant Prism          Conj/Hex       10%        3d9       38%         4
 Iskenderun's Mystic Bla  Conj/Tloc      21%        2d6       38%         4


Dungeon Overview and Level Annotations

Branches:
Dungeon (2/15)

Altars:
Yredelemnul


Innate Abilities, Weirdness & Mutations

You cannot wear most types of armour.
You are amphibious.
You can wear up to eight rings at the same time.
Your skin changes colour to match your surroundings (Stealth+).
Your rubbery body absorbs attacks. (AC +1, EV +1)
((You are camouflaged near water. (Stealth+)))
You have tentacles for arms and can constrict up to eight enemies at once.


Message History

The dart slug is severely wounded.
You constrict the dart slug.
Your jackal zombie bites the dart slug but does no damage.
The dart slug launches a dart at you. The slug dart misses you.
Your jackal zombie bites the dart slug but does no damage.
You hit the dart slug but do no damage.
The dart slug is almost dead.
You constrict the dart slug.
You kill the dart slug!
A black mist starts to gather...
An adder and a rat come into view.
Found 24 stones.
The adder hisses angrily.
A rat comes into view.
The rat barely misses you.
You closely miss the adder. Your grab misses the adder.
The rat bites you but does no damage. The adder bites you.
Your jackal zombie misses the adder.
You closely miss the rat. You grab the rat. You constrict the rat.
The rat bites you. The adder bites you.
Your jackal zombie misses the adder.
The adder completely misses you. The rat bites you but does no damage.
You hit the rat.
You kill the rat!
A black mist starts to gather...
Your jackal zombie misses the adder.
The adder bites you.
You are poisoned.
The adder poisons you!
Your jackal zombie bites the adder.
You feel sick. The rat bites your jackal zombie.
Your jackal zombie bites the adder.
The adder closely misses you.
You feel sick.
Your jackal zombie closely misses the adder.
You feel sick.
Your dart slug zombie misses the adder.
You closely miss the adder. Your grab misses the adder.
The adder is lightly wounded.
You feel sick.
You are no longer poisoned.
You block the adder's attack.
Something bites the adder.
The adder bites you.
You die...
Your body rises from the dead as a mindless zombie.

#..............#
#.#.
##########.....#
#.#. #.....#
#.#. #######.#
#.#. #.......###
#.## #.........#
#.........#
#.........#
#.....@.###
#########S#
...(...r.Z#
.....Z.Z..#
.........##
.........#
.........#
.........#
.........#


You could see an adder (ally target) and a friendly dart slug zombie.

Vanquished Creatures
  An adder (D:2)
  2 dart slugs
  An endoplasm (D:1)
  A goblin (D:1)
  3 hobgoblins
  3 jackals (D:2)
  5 ball pythons
  4 bats (D:1)
  2 frilled lizards (D:1)
  2 kobolds
  4 rats
28 creatures vanquished.

Vanquished Creatures (collateral kills)
  A hobgoblin (D:1)
  A jackal (D:2)
  A ball python (D:2)
  A goblin (D:1)
  A rat (D:1)
5 creatures vanquished.

Vanquished Creatures (others)
  A ball python zombie (D:2)
  2 jackal zombies (D:2)
3 creatures vanquished.

Grand Total: 36 creatures vanquished

Notes
Turn   | Place    | Note
-------+----------+-------------------------------------------
     0 | D:1      | croobank the Octopode Conjurer began the quest for the Orb.
     0 | D:1      | Reached XP level 1. HP: 11/11 MP: 3/3
   577 | D:1      | Reached XP level 2. HP: 17/17 MP: 5/5
   692 | D:1      | Noticed a shining eye
   694 | D:1      | Found a faded altar of an unknown god.
   721 | D:1      | Learned a level 2 spell: Searing Ray
   739 | D:1      | Noticed a golden eye
   739 | D:1      | Noticed an eye of devastation
   739 | D:1      | Noticed an eye of devastation
   759 | D:1      | Prayed at the altar of an unknown god.
   759 | D:1      | Became a worshipper of Yredelemnul the Dark
   759 | D:1      | Reached * piety under Yredelemnul
  1022 | D:1      | Reached ** piety under Yredelemnul
  1399 | D:2      | Reached XP level 3. HP: 21/21 MP: 3/6
  1483 | D:2      | Learned a level 3 spell: Dazzling Flash
  1765 | D:2      | Slain by an adder

Illustrated notes

Levels and vault maps discovered:
D:1:      heliophobic_arrival_henge, layout_basic,
          hellmonk_ecumenical_altar_watching_god
D:2:      layout_basic

Skill      XL: |  1  2 |
---------------+-------+-----
Stealth        | 3 |  3.5
Dodging        | |  2.5
Spellcasting   | |  2.5
Conjurations   | |  4.3

Action                   || total
-------------------------++-------
Melee: Staff             ||    46
       Unarmed           ||     4
       Constrict         ||    15
       Tentacles         ||    10
 Cast: Magic Dart        ||     7
  Use: Scroll            ||     1
 Stab: Sleeping          ||     6
Armor: Skin              ||     8
Dodge: Dodged            ||    30
Block: Other             ||     5
       Reflection        ||     1

Table legend: (Time is in decaauts)
 A = Elapsed time spent in this place.
 B = Non-inter-level travel time spent in this place.
 C = Inter-level travel time spent in this place.
 D = Time resting spent in this place.
 E = Time spent auto-exploring this place.
 F = Levels seen in this place.
 G = Mean time per level.
                   A        B        C        D        E       F      G
               +--------+--------+--------+--------+--------+-----+--------+
         Total |   1772 |   1743 |     29 |    319 |   1144 |   2 |  886.0 |
       Dungeon |   1772 |   1743 |     29 |    319 |   1144 |   2 |  886.0 |
               +--------+--------+--------+--------+--------+-----+--------+

Top non-repeatable levels by time:
     D:1: 1386 daAuts
     D:2: 386 daAuts
